 Dungeon Crawl Stone Soup version 0.25.1-2-g60ff931df9 (webtiles) character file.

Game seed: 12119829332005773948

282 H0rd4k the Insei (level 6, -2/43 HPs)
             Began as an Octopode Transmuter on Aug 27, 2020.
             Slain by a mummy (17 damage)
             ... in an ossuary.
             The game lasted 00:03:12 (3936 turns).

H0rd4k the Insei (Octopode Transmuter)              Turns: 3936, Time: 00:03:12

Health: -2/43      AC:  1    Str:  9    XL:     6   Next: 28%
Magic:  9/10       EV: 14    Int: 18    God:
Gold:   307        SH:  0    Dex: 12    Spells: 4/10 levels left

rFire    . . .     SeeInvis .     - Unarmed
rCold    . . .     Gourm    .   (no shield)
rNeg     . . .     Faith    .   (helmet restricted)
rPois    .         Spirit   .   (no amulet)
rElec    .         Reflect  .   (no ring)
rCorr    .         Harm     .   (no ring)
MR       .....                  (no ring)
Stlth    +++.......             (no ring)
HPRegen  0.14/turn              (no ring)
MPRegen  0.12/turn              (no ring)
                                (no ring)
                                (no ring)

@: appendage
A: almost no armour, stealthy swim, amphibious, 8 rings, constrict 8, tentacle
spike 3, camouflage 1, gelatinous body 1
a: End Transformation


You were in an ossuary.
You were very hungry.
One of your tentacles had a temporary spike.
You visited 1 branch of the dungeon, and saw 4 of its levels.
You also visited: Ossuary.

You collected 307 gold pieces.

Inventory:

Missiles
 a - 41 arrows
 t - 17 poisoned darts (quivered)
Scrolls
 d - 4 scrolls of immolation {unknown}
 f - a scroll of enchant weapon {unknown}
 g - 2 scrolls of amnesia {unknown}
 l - 5 scrolls of teleportation {unknown}
 m - 6 scrolls of identify {unknown}
 n - a scroll of remove curse {unknown}
 q - a scroll of random uselessness {unknown}
 r - 3 scrolls of noise {unknown}
Potions
 b - 2 potions of flight {unknown}
 e - a potion of berserk rage {unknown}
 h - 2 potions of heal wounds {unknown}
 i - a potion of lignification {unknown}
 j - 2 potions of resistance {unknown}
 k - a potion of curing {unknown}
 o - a potion of invisibility {unknown}
 p - 2 potions of brilliance {unknown}
 s - a potion of mutation {unknown}
Comestibles
 c - 10 rations


   Skills:
 + Level 3.8 Fighting
 - Level 2.6 Dodging
 - Level 1.0 Stealth
 - Level 4.2 Unarmed Combat
 - Level 2.7 Spellcasting
 - Level 2.7 Transmutations


You had 4 spell levels left.
You knew the following spells:

 Your Spells              Type           Power        Failure   Level  Hunger
a - Beastly Appendage     Tmut           ##....       5%          1    #......
b - Sticks to Snakes      Tmut           ##......     9%          2    ##.....
c - Spider Form           Tmut/Pois      #.........   28%         3    ###....

Your spell library contained the following spells:

 Spells                   Type           Power        Failure   Level  Hunger
 Ice Form                 Ice/Tmut       #.......     67%         4    #####..
 Blade Hands              Tmut           ##........   83%         5    ######.


Dungeon Overview and Level Annotations

Branches:
Dungeon (4/15)            Ossuary (1/1)
 Temple: D:4-7

Altars:
Cheibriados


Innate Abilities, Weirdness & Mutations

You cannot wear most types of armour.
You are very stealthy in the water. (Stealth+)
You are amphibious.
You can wear up to eight rings at the same time.
You can use your tentacles to constrict eight enemies at once.
Your skin changes colour to match your surroundings (Stealth+).
Your rubbery body absorbs attacks. (AC +1, EV +1)
One of your tentacles bears a large vicious spike.


Message History

One of your tentacles grows a vicious spike.
You tentacle-slap the mummy. You grab the mummy.
You pierce the mummy, but do no damage.
The mummy is lightly damaged.
You constrict the mummy, but do no damage.
The mummy hits you!
You tentacle-slap the mummy.
The mummy is lightly damaged.
You constrict the mummy, but do no damage.
You tentacle-slap the mummy.
The mummy is moderately damaged.
You constrict the mummy. The mummy closely misses you.
You tentacle-slap the mummy.
You pierce the mummy, but do no damage.
You squeeze the mummy, but do no damage.
The mummy is moderately damaged.
You constrict the mummy.
You tentacle-slap the mummy but do no damage.
The mummy is heavily damaged.
You constrict the mummy. The mummy hits you!
You die...

.' M# .+
.## .'
#####.#
#∩.@#.+
#.∩.MZ#
#...#.'.#
#####.###
.+ +#


You could see a mummy and a giant cockroach zombie.

Vanquished Creatures
  2 bullfrog zombies (Ossuary)
  A centaur zombie (Ossuary)
  A hound (D:4)
  2 mummies (Ossuary)
  4 adders
  An adder skeleton (D:2)
  3 worms (D:2)
  A dart slug (D:3)
  5 leopard geckos
  An orc (D:3)
  2 giant cockroaches (D:2)
  10 goblins
  12 hobgoblins
  6 jackals
  A quokka (D:4)
  12 bats
  6 kobolds
  8 rats
78 creatures vanquished.

Notes
Turn   | Place    | Note
-------+----------+-------------------------------------------
     0 | D:1      | H0rd4k the Octopode Transmuter began the quest for the Orb.
     0 | D:1      | Reached XP level 1. HP: 13/13 MP: 3/3
   577 | D:1      | Reached XP level 2. HP: 16/18 MP: 5/5
  1012 | D:2      | Reached XP level 3. HP: 20/23 MP: 6/6
  1711 | D:2      | Reached XP level 4. HP: 20/28 MP: 6/8
  2044 | D:2      | Reached skill level 4 in Unarmed Combat
  2641 | D:3      | Reached skill level 1 in Stealth
  3010 | D:3      | Reached XP level 5. HP: 14/33 MP: 9/9
  3383 | D:3      | Found a snail-covered altar of Cheibriados.
  3648 | D:3      | Learned a level 2 spell: Sticks to Snakes
  3770 | D:4      | Noticed an ogre
  3795 | D:4      | Found a sand-covered staircase.
  3824 | Ossuary  | Entered an ossuary
  3829 | Ossuary  | Learned a level 3 spell: Spider Form
  3864 | Ossuary  | Reached XP level 6. HP: 25/42 MP: 10/10
  3936 | Ossuary  | Slain by a mummy

Illustrated notes

Levels and vault maps discovered:
D:1:      minmay_arrival_loop, layout_basic
D:2:      cheibrodos_greedy_goblins, layout_basic, first_ration
D:3:      layout_basic, kennysheep_slug_shrine
D:4:      layout_basic, enter_ossuary_1, uniq_sigmund, uniq_crazy_yiuf_cottage
Ossuary:  ossuary_zaba_flooded

Skill      XL: |  1  2  3  4  5 |
---------------+----------------+-----
Unarmed Combat | 4 |  4.2
Stealth        | 1 |  1.0
Fighting       | 3 |  3.8
Dodging        | |  2.6
Spellcasting   | |  2.7
Transmutations | |  2.7

Action                   |  1- 3 |  4- 6 || total
-------------------------+-------+-------++-------
Melee: Unarmed           |    85 |   105 ||   190
       Constrict         |    25 |    31 ||    56
       Tentacles         |    17 |    26 ||    43
       Punch             |     3 |     4 ||     7
       Kick              |       |     9 ||     9
 Cast: Beastly Appendage |       |     4 ||     4
 Stab: Sleeping          |     1 |     4 ||     5
       Distracted        |       |     2 ||     2
  Eat: Chunk             |     2 |     6 ||     8
Armor: Skin              |    12 |     6 ||    18
Dodge: Dodged            |    49 |    56 ||   105
